Map: Frozen Temple

Players

Tang

  • Race: Zerg Zerg

Miszu - Winner!

  • Race: Protoss Protoss
  • League: Master

VOD

Have the link to the VOD?

Description

Time

  • Played on: April 3, 2016, 11:55 a.m.
  • Length: 7:43
Show
View Real Time Build Order
Export as new Build Order

Tang Zerg 

Build Orders: 3 Hatch before Pool 

Get SALT Encoding   

  12  0:01  Drone  
  13  0:13  Overlord  
  13  0:18  Drone  
  14  0:31  Drone x2  
  14  0:35  Drone  
  17  0:53  Hatchery  
  17  0:56  Drone  
  17  1:17  Hatchery  
  16  1:20  Drone  
  16  1:22  Drone  
  18  1:26  Drone  
  19  1:33  Drone  
  20  1:42  Spawning Pool  
  20  1:45  Drone  
  20  1:53  Drone  
  21  2:04  Drone  
  21  2:07  Drone  
  23  2:14  Drone  
  24  2:19  Drone  
  25  2:27  Drone x2  
  27  2:30  Drone  
  27  2:31  Queen x2  
  27  2:33  Queen  
  34  2:38  Overlord  
  34  2:42  Overlord  
  33  3:07  Queen x2  
  33  3:09  Queen  
  33  3:10  Drone x5  
  42  3:15  Drone  
  42  3:19  Drone x2  
  45  3:22  Drone  
  45  3:25  Drone  
  45  3:26  Drone  
  48  3:30  Overlord  
  48  3:34  Extractor x2  
  47  3:37  Overlord  
  47  3:39  Extractor  
  45  3:43  Extractor, Spine Crawler  
  45  3:44  Spore Crawler  
  42  3:53  Drone  
  42  3:54  Drone x4  
  43  3:59  Drone x2  
  43  4:00  Drone  
  44  4:04  Drone  
  44  4:07  Drone  
  46  4:11  Drone  
  46  4:13  Drone  
  46  4:16  Drone x2  
  50  4:19  Drone  
  50  4:22  Drone  
  50  4:23  Drone  
  53  4:25  Drone  
  54  4:32  Lair  
  54  4:34  Drone  
  54  4:37  Drone  
  56  4:39  Drone  
  56  4:40  Drone  
  56  4:43  Drone  
  56  4:44  Drone  
  60  4:46  Drone  
  60  4:49  Metabolic Boost  
  61  5:02  Zergling x10  
  56  5:38  Hydralisk Den  
  48  5:53  Hydralisk Den  
  34  6:14  Hydralisk x8  
  34  6:15  Hydralisk x2  
  34  6:17  Hydralisk x2  
  54  6:31  Overlord  
  54  6:36  Hydralisk  
  56  6:41  Zergling x2  
  54  6:48  Zergling x4  
  54  6:52  Zergling x2  
  55  7:01  Zergling x4  
  55  7:07  Zergling x2  
Show
View Real Time Build Order
Export as new Build Order

Miszu Protoss - Winner!

Build Orders: 1 Gate Expand 

Get SALT Encoding   

  12  0:00  Probe (Chrono Boost)  
  13  0:11  Probe (Chrono Boost)  
  14  0:19  Pylon  
  14  0:22  Probe (Chrono Boost)  
  15  0:38  Probe (Chrono Boost)  
  16  0:45  Gateway  
  16  0:48  Probe (Chrono Boost)  
  17  0:59  Probe (Chrono Boost)  
  18  1:09  Probe (Chrono Boost)  
  19  1:15  Nexus  
  19  1:20  Probe (Chrono Boost)  
  20  1:26  Assimilator  
  20  1:30  Probe (Chrono Boost)  
  21  1:36  Cybernetics Core  
  21  1:41  Probe (Chrono Boost)  
  22  1:48  Pylon  
  22  1:52  Assimilator  
  22  1:54  Probe (Chrono Boost)  
  23  2:06  Probe (Chrono Boost)  
  26  2:12  Adept (Chrono Boost)  
  26  2:17  Probe  
  26  2:20  Warp Gate (Chrono Boost)  
  27  2:28  Probe  
  27  2:29  Probe  
  29  2:32  Adept  
  31  2:40  Probe  
  31  2:42  Probe  
  33  2:50  Pylon  
  33  2:53  Mothership Core  
  33  2:54  Probe  
  36  3:01  Adept  
  38  3:06  Probe  
  39  3:14  Probe  
  40  3:22  Probe  
  40  3:26  Probe  
  42  3:27  Gateway  
  42  3:29  Gateway  
  42  3:34  Probe  
  42  3:38  Probe  
  42  3:39  Pylon  
  44  3:47  Probe  
  45  4:01  Probe  
  45  4:02  Probe  
  43  4:10  Stargate x2, Assimilator x2  
  43  4:13  Adept, Probe  
  43  4:14  Probe  
  47  4:25  Probe  
  47  4:26  Adept x2, Probe  
  53  4:38  Pylon, Probe x2  
  54  4:43  Adept  
  54  4:44  Adept x2  
  61  4:49  Nexus  
  61  4:50  Probe  
  62  4:55  Pylon  
  62  4:56  Probe  
  63  5:02  Probe  
  63  5:06  Phoenix x2 (Chrono Boost)  
  68  5:08  Probe  
  69  5:14  Probe  
  69  5:20  Probe  
  71  5:26  Probe  
  72  5:32  Probe  
  72  5:35  Phoenix x2 (Chrono Boost)  
  77  5:38  Probe  
  78  5:49  Pylon  
  78  5:55  Probe x2  
  76  6:07  Probe x2  
  76  6:14  Adept x3  
  76  6:15  Phoenix x2 (Chrono Boost)  
  78  6:19  Probe x2  
  78  6:20  Robotics Facility x2  
  78  6:23  Pylon  
  80  6:29  Probe  
  80  6:31  Probe x2  
  83  6:34  Pylon  
  83  6:36  Phoenix (Chrono Boost)  
  83  6:37  Twilight Council, Phoenix (Chrono Boost)  
  83  6:39  Forge, Probe  
  87  6:43  Probe x2  
  90  6:50  Probe  
  91  6:55  Probe  
  91  6:57  Probe  
  91  6:58  Phoenix x2 (Chrono Boost)  
  91  6:59  Assimilator  
  91  7:00  Probe  
  97  7:02  Assimilator  
  97  7:04  Pylon  
  97  7:07  Probe  
  99  7:08  Pylon  
  99  7:10  Adept x2  
  93  7:23  Adept x3  
Tags
 
Add a new tag
Caveats
  • Supply blocks, unpowered buildings, or Contaminate may cause inaccurate times.
  • Supply counts are checked every 10 seconds.